 Dungeon Crawl Stone Soup version 0.22.1-1-ga44c0e56f4 (webtiles) character file.

7960 Knicklaso the Cleaver (level 11, -2/92 HPs)
             Began as a Human Berserker on Sept 27, 2018.
             Was a High Priest of Trog.
             Slain by an unseen horror (9 damage)
             ... on level 10 of the Dungeon.
             The game lasted 00:36:07 (10447 turns).

Knicklaso the Cleaver (Human Berserker)            Turns: 10447, Time: 00:36:07

Health: -2/92      AC:  8    Str: 18    XL:     11   Next: 46%
Magic:  11/11      EV: 12    Int:  7    God:    Trog [*****.]
Gold:   429        SH: 17    Dex: 16    Spells: 10/10 levels left

rFire    . . .     SeeInvis .   b - +1 hand axe (holy)
rCold    . . .     Gourm    .   I - +2 large shield
rNeg     . . .     Faith    .   U - +0 troll leather armour
rPois    .         Spirit   .   w - +0 helmet
rElec    .         Reflect  .   j - +0 cloak
rCorr    +         Harm     .   (no gloves)
MR       ++...                  q - +0 pair of boots
Stlth    +.........             e - amulet of regeneration
HPRegen  2.05/turn              r - ring of resist corrosion
MPRegen  0.12/turn              Z - +3 ring of evasion

@: very slightly contaminated, starving, regenerating
A: no striking features
a: Berserk, Trog's Hand, Brothers in Arms, Renounce Religion


You were on level 10 of the Dungeon.
You worshipped Trog.
Trog was extremely pleased with you.
You were starving.

You visited 1 branch of the dungeon, and saw 10 of its levels.

You collected 429 gold pieces.

Inventory:

Hand Weapons
 a - a +4 hand axe
 b - a +1 hand axe of holy wrath (weapon)
 d - a +0 battleaxe
 v - a +0 dire flail
 C - a +0 broad axe
Missiles
 F - 5 steel tomahawks
 J - 20 tomahawks (quivered)
 S - 3 silver tomahawks
Armour
 j - a +0 cloak (worn)
 q - a +0 pair of boots (worn)
 w - a +0 helmet (worn)
 H - a +2 ring mail of cold resistance
 I - a +2 large shield (worn)
 R - a +1 ring mail of positive energy
 U - a +0 troll leather armour (worn)
Jewellery
 e - an amulet of regeneration (around neck)
 r - a ring of resist corrosion (left hand)
 s - a cursed ring of teleportation {unknown}
 O - an uncursed amulet of faith {unknown}
 W - an uncursed ring of flight
 Z - a +3 ring of evasion (right hand)
Wands
 y - a wand of paralysis (10)
 K - a wand of scattershot (11)
 M - a wand of acid (12)
 Q - a wand of disintegration (14)
 T - a wand of polymorph (13)
 V - a wand of enslavement (15)
Scrolls
 g - 6 scrolls of remove curse
 h - 3 scrolls of immolation {unknown}
 i - 3 scrolls of blinking
 k - 3 scrolls of teleportation {unknown}
 o - 3 scrolls of amnesia {unknown}
 t - 2 scrolls of noise {unknown}
 z - 2 scrolls of enchant weapon {unknown}
 B - 2 scrolls of identify
 D - a scroll of fear {unknown}
 L - a scroll of magic mapping {unknown}
 N - a scroll of fog {unknown}
 X - a scroll of random uselessness {unknown}
Potions
 f - 2 potions of magic {unknown}
 l - 2 potions of ambrosia
 m - 3 potions of might
 n - 2 potions of curing
 p - 5 potions of agility
 u - 2 potions of mutation {unknown}
 x - 2 potions of lignification {unknown}
 A - 2 potions of invisibility {unknown}
 E - 3 potions of brilliance {unknown}
 G - a potion of haste {unknown}
 P - a potion of cancellation {unknown}
Comestibles
 c - 10 rations


   Skills:
 + Level 10.7 Fighting
 + Level 10.7 Axes
 - Level 6.0 Armour
 - Level 2.0 Dodging
 + Level 6.6 Shields


You had 10 spell levels left.
You didn't know any spells.
Your spell library was empty.

Dungeon Overview and Level Annotations

Branches:
Dungeon (10/15)            Temple (0/1) D:5            Lair (0/6) D:8
    Orc: D:9-12

Altars:
Dithmenos
Fedhas
Sif Muna

Annotations:
D:7 exclusion: oklob plant


Message History

Something hits you.
* * * LOW HITPOINT WARNING * * *
Something hits you.
* * * LOW HITPOINT WARNING * * *
You feel better. You block something's attack.
There is an open door here.
Something hits you!
* * * LOW HITPOINT WARNING * * *
Something hits you but does no damage. Something barely misses you.
Something hits you but does no damage. Something hits you!
* * * LOW HITPOINT WARNING * * *
You block something's attack. Something hits you but does no damage.
Something hits you!
* * * LOW HITPOINT WARNING * * *
There is an open door, spattered with blood here.
Something hits you!
You die...

.....##############'#############
#....# ...................†#...
.....# ..................).'...
.....# .......##..##########.##
###### .......##..##......##.##
...........##.........##
#########..##########'##
#...'..####........#
#.#@#.....#...##....
#...#######.........
#.......<##########.
####.....#........#.
#.###.#........## .
#.###.#........
..#########.....#'#########
#................†.....).#
#.....########...##..###.#


There were no monsters in sight!

Vanquished Creatures
  A two-headed ogre (D:10)
  A wolf spider zombie (D:8)
  A centaur zombie (D:10)
  A centaur skeleton (D:10)
  2 trolls
  A hornet (D:10)
  3 hippogriffs
  Sigmund (D:3)
  2 vampire mosquitoes (D:9)
  3 orc warriors
  4 sky beasts
  A black bear (D:8)
  2 ice beasts
  A hornet zombie (D:9)
  3 necrophages (D:9)
  4 ogres
  3 phantoms
  3 centaurs
  3 big kobolds
  A bullfrog (D:8)
  Blork the orc (D:3)
  A water moccasin zombie (D:10)
  A wyvern skeleton (D:10)
  A scorpion (D:10)
  11 killer bees (D:10)
  6 wights (D:9)
  4 crimson imps
  2 bullfrog zombies
  A quasit (D:9)
  6 orc wizards
  4 jellies
  A bullfrog skeleton (D:5)
  7 orc priests
  3 hounds
  An iguana (D:6)
  Jessica (D:3)
  Natasha (thrice) (D:3)
  8 worker ants
  A killer bee zombie (D:6)
  2 hound skeletons
  A howler monkey skeleton (D:9)
  A worker ant zombie (D:9)
  4 gnolls
  6 adders
  An adder skeleton (D:8)
  2 adder zombies (D:9)
  3 worms
  4 dart slugs
  2 leopard geckos
  29 orcs
  8 bats
  4 giant cockroaches
  2 goblins
  5 hobgoblins
  6 jackals
  27 kobolds
  7 quokkas
  A ball python (D:4)
  9 frilled lizards
  2 leopard gecko skeletons
  A leopard gecko zombie (D:6)
  2 quokka zombies
  9 rats
242 creatures vanquished.

Notes
Turn   | Place    | Note
-------+----------+-------------------------------------------
     0 | D:1      | Knicklaso the Human Berserker began the quest for the Orb.
     0 | D:1      | Reached XP level 1. HP: 18/18 MP: 1/1
   224 | D:1      | Reached XP level 2. HP: 12/24 MP: 2/2
   769 | D:1      | Reached XP level 3. HP: 20/29 MP: 3/3
  1140 | D:1      | Reached ** piety under Trog
  1344 | D:2      | Reached XP level 4. HP: 26/37 MP: 4/4
  2139 | D:3      | Noticed Jessica
  2153 | D:3      | Killed Jessica
  2154 | D:3      | Reached XP level 5. HP: 42/42 MP: 5/5
  2797 | D:3      | Paralysed by an orc for 6 turns
  2814 | D:3      | Reached XP level 6. HP: 50/50 MP: 6/6
  2816 | D:3      | Reached skill level 5 in Fighting
  2816 | D:3      | Reached skill level 5 in Axes
  3067 | D:3      | Noticed Natasha
  3086 | D:3      | Killed Natasha
  3144 | D:3      | Noticed Natasha
  3157 | D:3      | Killed Natasha
  3261 | D:3      | Noticed Natasha
  3275 | D:3      | Killed Natasha
  3564 | D:3      | Noticed Sigmund
  3590 | D:3      | Killed Sigmund
  3590 | D:3      | Reached XP level 7. HP: 57/57 MP: 7/7
  3773 | D:4      | Noticed a hippogriff
  3932 | D:4      | Found a shadowy altar of Dithmenos.
  3936 | D:4      | Noticed Blork the orc
  3965 | D:3      | Killed Blork the orc
  4701 | D:4      | Killed a hippogriff
  4701 | D:4      | Reached XP level 8. HP: 65/65 MP: 8/8
  5266 | D:5      | Entered Level 5 of the Dungeon
  5716 | D:5      | Reached *** piety under Trog
  5716 | D:5      | Reached XP level 9. HP: 74/74 MP: 9/9
  6112 | D:5      | Found a staircase to the Ecumenical Temple.
  6330 | D:6      | Reached skill level 1 in Shields
  7486 | D:7      | Found a deep blue altar of Sif Muna.
  7587 | D:7      | Found a blossoming altar of Fedhas.
  7614 | D:7      | Noticed an oklob plant
  8039 | D:8      | Found a staircase to the Lair.
  8116 | D:8      | Reached XP level 10. HP: 64/83 MP: 10/10
  8630 | D:8      | Reached **** piety under Trog
  9204 | D:9      | Reached skill level 10 in Fighting
  9204 | D:9      | Reached skill level 10 in Axes
  9204 | D:9      | Reached skill level 5 in Shields
  9515 | D:9      | Reached skill level 5 in Armour
  9617 | D:10     | Entered Level 10 of the Dungeon
  9650 | D:10     | Reached XP level 11. HP: 90/90 MP: 11/11
  9701 | D:10     | Reached ***** piety under Trog
 10146 | D:10     | Paralysed by a hornet for 3 turns
 10274 | D:10     | Noticed a two-headed ogre
 10282 | D:10     | Killed a two-headed ogre
 10428 | D:10     | HP: 3/91 [something (9)]
 10434 | D:10     | HP: 4/92 [something (9)]
 10437 | D:10     | HP: 1/92 [something (4)]
 10447 | D:10     | Slain by an unseen horror

Skill      XL: |  1  2  3  4  5  6  7  8  9 10 11 |
---------------+----------------------------------+-----
Fighting       | 4 5 6 8 9 10 | 10.7
Axes           | 4 6 8 9 10 | 10.7
Shields        | 3 5 6 |  6.6
Armour         | 3 5 6 |  6.0
Dodging        | |  2.0

Action                   |  1- 3 |  4- 6 |  7- 9 | 10-12 || total
-------------------------+-------+-------+-------+-------++-------
Melee: Hand axe          |   102 |   235 |   293 |   243 ||   873
       Battleaxe         |       |       |    92 |   122 ||   214
Throw: Tomahawk          |     1 |     4 |     5 |     3 ||    13
Invok: Berserk           |     2 |     5 |     9 |     5 ||    21
       Trog's Hand       |       |     5 |     4 |     3 ||    12
  Use: Scroll            |       |       |     5 |     1 ||     6
       Potion            |       |       |       |     2 ||     2
 Stab: Sleeping          |     1 |     4 |       |       ||     5
  Eat: Chunk             |     2 |    10 |    15 |    12 ||    39
       Ration            |       |     1 |     3 |       ||     4
Armor: Animal skin       |    17 |    12 |       |       ||    29
       Leather armour    |       |    21 |       |       ||    21
       Ring mail         |       |    45 |   114 |    99 ||   258
       Skin              |       |     2 |       |       ||     2
       Troll leather arm |       |       |       |    37 ||    37
Dodge: Dodged            |    67 |   136 |   165 |   173 ||   541
Block: Buckler           |       |       |    15 |       ||    15
       Large shield      |       |       |    50 |   248 ||   298
